[Event "ICC tourney 2532 (25 5)"]
[Site "Internet Chess Club"]
[Date "2021.04.25"]
[Round "6"]
[White "SMITH, JAMES:K12-17015408"]
[Black "WANG, LUCAS:K12-16797884"]
[Result "0-1"]
[ICCResult "White checkmated"]
[WhiteElo "879"]
[BlackElo "548"]
[Opening "Ruy Lopez: exchange variation"]
[ECO "C68"]
[NIC "RL.08"]
[Time "13:01:52"]
[PlyCount "142"]
[TimeControl "1500+5"]

1. e4 e5 2. Nf3 Nc6 3. Bb5 a6 4. Bxc6 dxc6 5. Nxe5 Qe7 6. Nf3 Qxe4+ 7. Qe2
Qxe2+ 8. Kxe2 Nf6 9. Nc3 Bc5 10. Re1 O-O 11. Kf1 Bf5 12. d4 Bb6 13. Bf4
Bxc2 14. Rac1 Bd3+ 15. Kg1 Rfe8 16. g3 Rad8 17. Rcd1 Bg6 18. Na4 Ba7 19.
Ne5 Rxd4 20. Nxg6 hxg6 21. Be5 Rxa4 22. Bxf6 Rxe1+ 23. Rxe1 gxf6 24. Re7
Rxa2 25. Rxc7 Rxb2 26. Kg2 Rxf2+ 27. Kh3 Rb2 28. Rc8+ Kg7 29. Ra8 Bc5 30.
Rb8 Rb4 31. Re8 a5 32. Re2 a4 33. Ra2 Rd4 34. g4 a3 35. Kh4 f5 36. h3 b5
37. Rc2 Bd6 38. Rxc6 a2 39. Rc1 Rd3 40. Ra1 Be7+ 41. g5 Rd4+ 42. Kg3 Bd6+
43. Kg2 Kf8 44. Rxa2 Bf4 45. Ra8+ Kg7 46. h4 b4 47. Ra4 Be5 48. Ra5 Rd2+
49. Kf3 Bc3 50. Rb5 Rb2 51. Ke3 b3 52. Kd3 Be1 53. Kc4 Bxh4 54. Rxb3 Rxb3
55. Kxb3 Bxg5 56. Kc4 Kf6 57. Kd5 f4 58. Ke4 Ke6 59. Kf3 Kf5 60. Kf2 Ke4
61. Ke2 f3+ 62. Kf2 Be3+ 63. Kg3 f2 64. Kg2 Kd3 65. Kf1 f5 66. Kg2 Ke2 67.
Kg3 f1=Q 68. Kh4 Qf4+ 69. Kh3 Bf2 70. Kg2 Qg3+ 71. Kh1 Qg1# { White
checkmated } 0-1

[Event "ICC tourney 2532 (25 5)"]
[Site "Internet Chess Club"]
[Date "2021.04.25"]
[Round "6"]
[White "MUTHUKUMAR, AADITH:K12-15488268"]
[Black "JONES, JAVADE:K12-16985577"]
[Result "0-1"]
[ICCResult "White resigns"]
[WhiteElo "1529"]
[BlackElo "432"]
[Opening "Sicilian: Grand Prix attack"]
[ECO "B23"]
[NIC "SI.44"]
[Time "13:00:19"]
[PlyCount "48"]
[TimeControl "1500+5"]

1. e4 c5 2. Nc3 Nc6 3. f4 g6 4. Nf3 Bg7 5. Bc4 e6 6. d3 Nge7 7. O-O O-O 8.
Bd2 d5 9. Bb5 Nd4 10. a3 a6 11. Ba4 dxe4 12. Nxe4 Nxf3+ 13. Qxf3 Qd4+ 14.
Kh1 Qxa4 15. Nxc5 Qxc2 16. Be3 Qxb2 17. g4 Nd5 18. f5 Nxe3 19. Qxe3 exf5
20. gxf5 Bxf5 21. Nxb7 Qxb7+ 22. Kg1 Rad8 23. Rab1 Qa8 24. Rbd1 Bd4 { White
resigns } 0-1

[Event "ICC tourney 2532 (25 5)"]
[Site "Internet Chess Club"]
[Date "2021.04.25"]
[Round "6"]
[White "RIONAULA, LEONARD:K12-15936796"]
[Black "KARP, RICHARD:K12-15130704"]
[Result "0-1"]
[ICCResult "White resigns"]
[WhiteElo "1116"]
[BlackElo "1633"]
[Opening "Owen defense"]
[ECO "B00"]
[NIC "VO.01"]
[Time "13:01:39"]
[PlyCount "98"]
[TimeControl "1500+5"]

1. e4 b6 2. Bc4 Bb7 3. d3 e6 4. Be3 d5 5. Bb3 dxe4 6. dxe4 Qxd1+ 7. Kxd1
Bxe4 8. f3 Bc6 9. Nc3 Nf6 10. Kd2 Nbd7 11. Rd1 O-O-O 12. Nge2 Nc5+ 13. Kc1
Nxb3+ 14. cxb3 Be7 15. Nd4 Bb7 16. Ndb5 a6 17. Na3 Nd5 18. Nc4 Bf6 19. Rd3
Nxc3 20. Rxc3 Bxc3 21. bxc3 Rd3 22. Kc2 Rd7 23. Ne5 Re7 24. Rf1 f6 25. Nd3
e5 26. Nf2 h5 27. h4 Rd8 28. a4 a5 29. c4 Red7 30. Ne4 Bxe4+ 31. fxe4 c5
32. Rf5 Rh8 33. Rf2 Kc7 34. Kc3 Kd6 35. Rd2+ Ke6 36. Rd5 Rxd5 37. cxd5+ Kd6
38. Kc4 Rf8 39. Kb5 Rb8 40. g3 g6 41. Bh6 f5 42. exf5 gxf5 43. Bg5 Kxd5 44.
Bh6 Rg8 45. Kxb6 Rxg3 46. Kxa5 Rxb3 47. Bc1 f4 48. Ka6 f3 49. a5 f2 { White
resigns } 0-1

[Event "ICC tourney 2532 (25 5)"]
[Site "Internet Chess Club"]
[Date "2021.04.25"]
[Round "6"]
[White "JOZLYN DIXIE, SOLEIL:K12-15083804"]
[Black "TEITELMAN, AIDEN:K12-15429990"]
[Result "0-1"]
[ICCResult "White checkmated"]
[WhiteElo "750"]
[BlackElo "1710"]
[Opening "King's Indian: London system"]
[ECO "A48"]
[NIC "QP.03"]
[Time "13:01:05"]
[PlyCount "72"]
[TimeControl "1500+5"]

1. d4 Nf6 2. Nf3 g6 3. Bf4 Bg7 4. Nc3 d5 5. e3 O-O 6. Bd3 c5 7. dxc5 Bg4 8.
h3 Bxf3 9. Qxf3 Nbd7 10. e4 d4 11. Nb5 Nxc5 12. Nxd4 Qxd4 13. O-O Qxb2 14.
e5 Nfd7 15. Rfe1 Nxe5 16. Qd5 Nexd3 17. cxd3 Ne6 18. Be5 Bxe5 19. Qxe5 Qxe5
20. Rxe5 Rfd8 21. Rb1 b6 22. Rbb5 Rxd3 23. Red5 Rxd5 24. Rxd5 Nc5 25. Re5
e6 26. a3 Rd8 27. Kh2 Nd3 28. Re2 Nf4 29. Re3 Rd2 30. Kg3 Nd3 31. f3 f5 32.
Rxe6 f4+ 33. Kg4 Rxg2+ 34. Kh4 Kg7 35. Re7+ Kh6 36. Rxa7 g5# { White
checkmated } 0-1

[Event "ICC tourney 2532 (25 5)"]
[Site "Internet Chess Club"]
[Date "2021.04.25"]
[Round "6"]
[White "METWALLY, ISMAEL:K12-14849072"]
[Black "GRABINSKY, JOSHUA:K12-14729181"]
[Result "0-1"]
[ICCResult "White checkmated"]
[WhiteElo "786"]
[BlackElo "2315"]
[Opening "French: Winawer, advance, Bogolyubov variation"]
[ECO "C17"]
[NIC "FR.10"]
[Time "13:00:44"]
[PlyCount "58"]
[TimeControl "1500+5"]

1. e4 e6 2. d4 d5 3. Nc3 Bb4 4. e5 c5 5. Bd2 Nh6 6. a3 Bxc3 7. Bxc3 Nc6 8.
Nf3 Nf5 9. dxc5 d4 10. Bd2 Qd5 11. Bd3 Qxc5 12. O-O O-O 13. Re1 b6 14. b4
Qe7 15. Be4 Bb7 16. b5 Na5 17. Bb4 Qd7 18. Bxf8 Rxf8 19. Bxb7 Nxb7 20. Re4
Nc5 21. Rxd4 Nxd4 22. Qxd4 Qxb5 23. Qb4 Qe2 24. Qd2 Qxd2 25. Nxd2 Rd8 26.
Nb3 Nxb3 27. cxb3 Rd3 28. Rc1 g5 29. Rc7 Rd1# { White checkmated } 0-1

[Event "ICC tourney 2532 (25 5)"]
[Site "Internet Chess Club"]
[Date "2021.04.25"]
[Round "6"]
[White "SOLLINGER, SAMUEL:K12-16921437"]
[Black "AKELLA, NITIN:K12-15004804"]
[Result "0-1"]
[ICCResult "White checkmated"]
[WhiteElo "943"]
[BlackElo "1790"]
[Opening "Giuoco Pianissimo"]
[ECO "C50"]
[NIC "IG.02"]
[Time "13:01:56"]
[PlyCount "122"]
[TimeControl "1500+5"]

1. e4 e5 2. Nf3 Nc6 3. Bc4 Bc5 4. d3 Nf6 5. Ng5 O-O 6. O-O h6 7. Nxf7 Rxf7
8. Bxf7+ Kxf7 9. c3 d6 10. b4 Bb6 11. Be3 Kg8 12. Bxb6 axb6 13. d4 Bg4 14.
f3 Bh5 15. dxe5 Nxe5 16. a4 Kh8 17. a5 bxa5 18. Rxa5 Rxa5 19. bxa5 Nxe4 20.
g4 Qg5 21. fxe4 Bxg4 22. Qd2 Nf3+ 23. Rxf3 Bxf3+ 24. Qxg5 hxg5 25. Nd2 Bh5
26. Kf2 Kg8 27. Kg3 Kf8 28. h4 gxh4+ 29. Kxh4 Bf7 30. Kg5 Ke7 31. c4 c6 32.
Kf5 Kd7 33. e5 dxe5 34. Kxe5 Kc7 35. c5 Bd5 36. Nf1 Kb8 37. Ne3 Ba2 38. Kd6
Ka7 39. Kc7 g5 40. Ng4 Be6 41. Ne5 g4 42. Nd3 Bd5 43. Nf4 Bf3 44. Nd3 g3
45. Ne1 Bd5 46. a6 bxa6 47. Nd3 g2 48. Nb4 g1=Q 49. Nxd5 cxd5 50. c6 Qc1
51. Kd6 d4 52. Kd7 d3 53. c7 Qxc7+ 54. Kxc7 d2 55. Kc6 d1=Q 56. Kc7 a5 57.
Kc6 a4 58. Kb5 a3 59. Kc6 a2 60. Kc7 a1=Q 61. Kc8 Qc3# { White checkmated }
0-1

[Event "ICC tourney 2532 (25 5)"]
[Site "Internet Chess Club"]
[Date "2021.04.25"]
[Round "6"]
[White "LU, SAMUEL:K12-16373562"]
[Black "SHAH, MAHAVIR:K12-14742490"]
[Result "1-0"]
[ICCResult "Black checkmated"]
[WhiteElo "1615"]
[BlackElo "677"]
[Opening "Queen's pawn, Mason variation"]
[ECO "D00"]
[NIC "QP.08"]
[Time "13:01:05"]
[PlyCount "67"]
[TimeControl "1500+5"]

1. d4 d5 2. Bf4 Nc6 3. e3 Nf6 4. Nd2 Nh5 5. Qxh5 g6 6. Qd1 Bf5 7. c3 e6 8.
Ngf3 h6 9. h3 g5 10. Bh2 f6 11. Bb5 Qd7 12. Qe2 a6 13. Bxc6 Qxc6 14. c4
O-O-O 15. Rc1 Rd7 16. a3 Qb6 17. b4 a5 18. c5 Qa7 19. b5 b6 20. cxb6 Qxb6
21. a4 Ba3 22. Rc6 Qb7 23. Nb3 Qa7 24. Ra6 Qb8 25. Nxa5 Bb4+ 26. Nd2 Bxa5
27. Rxa5 Qb6 28. Ra6 Qb8 29. Nb3 Rhh7 30. Na5 Rdf7 31. Nc6 Qb7 32. Ra7 Qb6
33. Ra8+ Kd7 34. Rd8# { Black checkmated } 1-0

[Event "ICC tourney 2532 (25 5)"]
[Site "Internet Chess Club"]
[Date "2021.04.25"]
[Round "6"]
[White "HELLER, HARRY:K12-15613721"]
[Black "BENNETT, MOSES:K12-15673611"]
[Result "1-0"]
[ICCResult "Black checkmated"]
[WhiteElo "1820"]
[BlackElo "910"]
[Opening "Sicilian: Alapin's variation (2.c3)"]
[ECO "B22"]
[NIC "SI.46"]
[Time "13:01:05"]
[PlyCount "71"]
[TimeControl "1500+5"]

1. e4 c5 2. c3 d6 3. d4 Nf6 4. Bb5+ Nc6 5. d5 a6 6. Qa4 Bd7 7. dxc6 axb5 8.
cxd7+ Nxd7 9. Qxb5 g6 10. Nf3 b6 11. Bf4 Bg7 12. e5 O-O 13. exd6 exd6 14.
O-O Be5 15. Nxe5 dxe5 16. Be3 e4 17. Nd2 Nf6 18. Bg5 Re8 19. Rfe1 Ra5 20.
Qc4 b5 21. Bxf6 Qxf6 22. Nxe4 Qf5 23. Nf6+ Kg7 24. Nxe8+ Kf8 25. Qh4 h5 26.
Qe7+ Kg8 27. Nd6 Qf4 28. Re4 Qxd6 29. Qxd6 Ra8 30. Rae1 Kh7 31. Re8 Ra7 32.
Qf8 g5 33. Qh8+ Kg6 34. Rg8+ Kf5 35. Qe5+ Kg4 36. Re4# { Black checkmated }
1-0

[Event "ICC tourney 2532 (25 5)"]
[Site "Internet Chess Club"]
[Date "2021.04.25"]
[Round "6"]
[White "QIAN, ANDREW:K12-15377570"]
[Black "D DE LEON, CARLOS:K12-14987180"]
[Result "1-0"]
[ICCResult "Black resigns"]
[WhiteElo "1591"]
[BlackElo "1995"]
[Opening "Giuoco Piano"]
[ECO "C54"]
[NIC "IG.02"]
[Time "13:01:39"]
[PlyCount "29"]
[TimeControl "1500+5"]

1. e4 e5 2. Nf3 Nc6 3. Bc4 Bc5 4. c3 Nf6 5. d4 exd4 6. e5 Ne4 7. Bd5 f5 8.
cxd4 Bb4+ 9. Bd2 Nxd2 10. Nbxd2 Ne7 11. Bb3 d5 12. exd6 Qxd6 13. O-O Be6
14. Bxe6 Qxe6 15. Qa4+ { Black resigns } 1-0

[Event "ICC tourney 2532 (25 5)"]
[Site "Internet Chess Club"]
[Date "2021.04.25"]
[Round "6"]
[White "GALVAN, EFRAIN:K12-15644368"]
[Black "BRAWER, CHLOE:K12-15017115"]
[Result "0-1"]
[ICCResult "White checkmated"]
[WhiteElo "510"]
[BlackElo "785"]
[Opening "Queen's pawn game, Chigorin variation"]
[ECO "D02"]
[NIC "QP.08"]
[Time "13:01:57"]
[PlyCount "80"]
[TimeControl "1500+5"]

1. d4 d5 2. Nf3 Nc6 3. g3 Nf6 4. Bg2 Bf5 5. O-O e6 6. Bf4 Be7 7. Nbd2 O-O
8. b3 Bd6 9. c4 Bxf4 10. gxf4 Qe7 11. a4 Nd7 12. a5 a6 13. b4 Nxb4 14. c5
Nc6 15. Qe1 e5 16. dxe5 Ncxe5 17. fxe5 Nxe5 18. Nxe5 Qxe5 19. Nf3 Qe7 20.
Nd4 Bg6 21. Bxd5 Qxc5 22. Bxb7 Rab8 23. Bxa6 Qxd4 24. Rd1 Qc5 25. Bd3 f5
26. Rc1 Qe5 27. a6 Ra8 28. Bc4+ Bf7 29. Bd3 Bd5 30. e4 fxe4 31. Bxe4 Bxe4
32. Qe2 Rf4 33. f3 Raf8 34. a7 Qh5 35. Rxc7 Bxf3 36. Qa2+ Bd5 37. Rxg7+
Kxg7 38. Qb2+ Kg8 39. Ra1 Qg4+ 40. Qg2 Qxg2# { White checkmated } 0-1

[Event "ICC tourney 2532 (25 5)"]
[Site "Internet Chess Club"]
[Date "2021.04.25"]
[Round "6"]
[White "JIANG, LEO:K12-14738650"]
[Black "RAJA, ABHINAV:K12-16290326"]
[Result "1-0"]
[ICCResult "Black resigns"]
[WhiteElo "1871"]
[BlackElo "1253"]
[Opening "Bogo-Indian defense, Nimzovich variation"]
[ECO "E11"]
[NIC "QI.01"]
[Time "13:00:46"]
[PlyCount "65"]
[TimeControl "1500+5"]

1. d4 Nf6 2. c4 e6 3. Nf3 Bb4+ 4. Bd2 Qe7 5. g3 O-O 6. Bg2 d5 7. O-O c6 8.
Qc2 Bxd2 9. Nbxd2 Nbd7 10. e4 dxe4 11. Nxe4 c5 12. Nxc5 Nxc5 13. dxc5 Qxc5
14. Rfd1 Bd7 15. Nd4 Rab8 16. Rac1 e5 17. Nf5 e4 18. Ne3 Bc6 19. Nd5 Bxd5
20. cxd5 Qxc2 21. Rxc2 Rbc8 22. Rcd2 Rcd8 23. d6 Rd7 24. Bh3 Rdd8 25. d7 g5
26. Bf5 Kg7 27. Rc1 Kh6 28. Rc7 g4 29. Rxb7 Kg5 30. Rb5 Kh6 31. Rd6 Kg7 32.
Rb7 Ng8 33. Rxa7 { Black resigns } 1-0

[Event "ICC tourney 2532 (25 5)"]
[Site "Internet Chess Club"]
[Date "2021.04.25"]
[Round "6"]
[White "J ZHANG, ERIC:K12-16995898"]
[Black "AMRAM, ARON:K12-14805835"]
[Result "1-0"]
[ICCResult "Black checkmated"]
[WhiteElo "1809"]
[BlackElo "1093"]
[Opening "Caro-Kann: Tartakower (fantasy) variation"]
[ECO "B12"]
[NIC "CK.02"]
[Time "13:00:49"]
[PlyCount "103"]
[TimeControl "1500+5"]

1. e4 c6 2. d4 d5 3. f3 e6 4. Nc3 Bb4 5. Bf4 Nf6 6. Qd3 O-O 7. Ne2 h6 8.
O-O-O Nh5 9. Be3 Nf6 10. e5 Nfd7 11. g4 c5 12. f4 Nc6 13. h4 cxd4 14. Bxd4
Nxd4 15. Nxd4 Be7 16. g5 h5 17. Be2 g6 18. Nxe6 Nxe5 19. Qxd5 Bxe6 20. Qxe5
Qb6 21. f5 Bxf5 22. Qxe7 Rfe8 23. Qd6 Rxe2 24. Nxe2 Qe3+ 25. Qd2 Qxd2+ 26.
Rxd2 Rc8 27. Nd4 Be4 28. Re1 Bd5 29. Rde2 Bxa2 30. Re8+ Rxe8 31. Rxe8+ Kg7
32. b3 f6 33. gxf6+ Kxf6 34. Kb2 Bxb3 35. Kxb3 g5 36. Re6+ Kf7 37. hxg5 h4
38. Rh6 h3 39. Rxh3 Kg6 40. Nb5 a6 41. Nd6 b5 42. Ne4 a5 43. Rf3 Kg7 44.
Rf5 a4+ 45. Ka3 b4+ 46. Kxb4 a3 47. Kxa3 Kg6 48. Rf6+ Kg7 49. g6 Kh8 50.
Rf7 Kg8 51. Nf6+ Kh8 52. g7# { Black checkmated } 1-0

[Event "ICC tourney 2532 (25 5)"]
[Site "Internet Chess Club"]
[Date "2021.04.25"]
[Round "6"]
[White "H WILLIAMS, JOSHUA:K12-14759594"]
[Black "PAI, RAHUL:K12-16742108"]
[Result "1-0"]
[ICCResult "Black resigns"]
[WhiteElo "1217"]
[BlackElo "1776"]
[Opening "two knights defense: Bogolyubov variation"]
[ECO "C58"]
[NIC "KP.01"]
[Time "13:01:04"]
[PlyCount "49"]
[TimeControl "1500+5"]

1. e4 e5 2. Nf3 Nc6 3. Bc4 Nf6 4. Ng5 d5 5. exd5 Na5 6. Bb5+ c6 7. dxc6
bxc6 8. Qf3 Be7 9. Bd3 O-O 10. O-O h6 11. Nh3 Nd5 12. Re1 Bd6 13. Bf5 Bb7
14. Nc3 g6 15. Be4 f5 16. Nxd5 fxe4 17. Qxe4 Qe8 18. Nc3 c5 19. Qg4 Qf7 20.
Ne4 Be7 21. d3 Kg7 22. Qg3 Nc6 23. Be3 Qd5 24. c4 Qxd3 25. Bxh6+ { Black
resigns } 1-0

[Event "ICC tourney 2532 (25 5)"]
[Site "Internet Chess Club"]
[Date "2021.04.25"]
[Round "6"]
[White "D BLOCK, JONAH:K12-15976216"]
[Black "GNANASUNDAR, SURIYA:K12-16467331"]
[Result "0-1"]
[ICCResult "White checkmated"]
[WhiteElo "436"]
[BlackElo "1300"]
[Opening "Ruy Lopez: old Steinitz defense"]
[ECO "C62"]
[NIC "RL.02"]
[Time "13:01:05"]
[PlyCount "78"]
[TimeControl "1500+5"]

1. e4 e5 2. Nf3 Nc6 3. Bb5 d6 4. Bxc6+ bxc6 5. d3 Nf6 6. Be3 Be7 7. Nbd2
O-O 8. O-O a5 9. c4 c5 10. Ng5 h6 11. Ngf3 Bd7 12. Ne1 Rb8 13. b3 Nh7 14.
Qf3 f5 15. exf5 Bxf5 16. Qg3 Kh8 17. Qf3 Bxd3 18. Qd1 Bxf1 19. Nxf1 Bg5 20.
Bxg5 Nxg5 21. h4 Ne4 22. f3 Qxh4 23. g3 Nxg3 24. Nxg3 Qxg3+ 25. Kf1 e4 26.
Ke2 exf3+ 27. Kd2 Rbe8 28. Rc1 Re2+ 29. Kc3 f2+ 30. Qd3 Qxd3+ 31. Nxd3 f1=Q
32. Rxf1 Rxf1 33. a4 Rf3 34. b4 axb4+ 35. Kb3 Ree3 36. Kc2 Rxd3 37. Kb2
Rf2+ 38. Kc1 Rh3 39. Kd1 Rh1# { White checkmated } 0-1

[Event "ICC tourney 2532 (25 5)"]
[Site "Internet Chess Club"]
[Date "2021.04.25"]
[Round "6"]
[White "REMPE, MIEKE:K12-15043484"]
[Black "AMIT SONEJI, ARIN:K12-16463845"]
[Result "1-0"]
[ICCResult "Black checkmated"]
[WhiteElo "1704"]
[BlackElo "871"]
[Opening "French: exchange variation"]
[ECO "C01"]
[NIC "FR.01"]
[Time "13:01:05"]
[PlyCount "87"]
[TimeControl "1500+5"]

1. e4 e6 2. d4 d5 3. exd5 exd5 4. Nf3 Nf6 5. Be2 c6 6. O-O Bd6 7. Bg5 Be6
8. Nbd2 Nbd7 9. c4 dxc4 10. Bxc4 O-O 11. Re1 Bxc4 12. Nxc4 Bc7 13. Nce5
Nxe5 14. Nxe5 Bxe5 15. Rxe5 h6 16. Bh4 Re8 17. Rxe8+ Qxe8 18. Bxf6 gxf6 19.
Qh5 Kh7 20. Qf5+ Kg7 21. a4 Rd8 22. Qg4+ Kf8 23. Qf4 Qe6 24. Qxh6+ Ke7 25.
Qd2 c5 26. Re1 Rxd4 27. Rxe6+ fxe6 28. Qc2 a6 29. Qxc5+ Rd6 30. h3 Kd7 31.
Kh2 Rd2 32. Kg3 e5 33. Qb6 Rd3+ 34. f3 Rd6 35. Qxb7+ Ke6 36. Qc8+ Kd5 37.
b3 Rb6 38. Qc4+ Kd6 39. b4 Rc6 40. Qd3+ Ke6 41. b5 axb5 42. axb5 Rb6 43.
Qc4+ Kf5 44. Qg4# { Black checkmated } 1-0

[Event "ICC tourney 2532 (25 5)"]
[Site "Internet Chess Club"]
[Date "2021.04.25"]
[Round "6"]
[White "POLLARD, VAIDEN:K12-14600991"]
[Black "PONNA, NIMAI:K12-15563890"]
[Result "0-1"]
[ICCResult "White checkmated"]
[WhiteElo "1156"]
[BlackElo "1535"]
[Opening "Giuoco Pianissimo"]
[ECO "C50"]
[NIC "IG.02"]
[Time "13:01:22"]
[PlyCount "60"]
[TimeControl "1500+5"]

1. e4 e5 2. Nf3 Nc6 3. Bc4 Bc5 4. d3 d6 5. Be3 Bb6 6. O-O Nf6 7. Nc3 O-O 8.
Bg5 h6 9. Bh4 Bg4 10. Nd5 g5 11. Nxf6+ Qxf6 12. Bg3 Nd4 13. c3 Nxf3+ 14.
gxf3 Bxf3 15. Qd2 c6 16. a4 d5 17. exd5 cxd5 18. Bb3 Qe6 19. Bd1 e4 20.
Bxf3 exf3 21. Qd1 Qg4 22. a5 Bc7 23. Kh1 h5 24. Rg1 Bxg3 25. fxg3 Rfe8 26.
Rf1 Re2 27. Re1 Rae8 28. Rxe2 Rxe2 29. Qa4 Qh3 30. Rg1 Qxh2# { White
checkmated } 0-1

[Event "ICC tourney 2532 (25 5)"]
[Site "Internet Chess Club"]
[Date "2021.04.25"]
[Round "6"]
[White "EISENMAN, KATHERINE:K12-15352585"]
[Black "JOSHI, RAJAS:K12-16991627"]
[Result "0-1"]
[ICCResult "White resigns"]
[WhiteElo "1557"]
[BlackElo "749"]
[Opening "Queen's pawn game"]
[ECO "E10"]
[NIC "QI.01"]
[Time "13:01:58"]
[PlyCount "40"]
[TimeControl "1500+5"]

1. d4 Nf6 2. Nf3 e6 3. c4 c5 4. e3 Nc6 5. Nc3 d5 6. Be2 cxd4 7. exd4 b6 8.
O-O Bd6 9. Nb5 O-O 10. Nxd6 Qxd6 11. Bg5 Ne4 12. Be3 Ba6 13. cxd5 Bxe2 14.
Qxe2 Qxd5 15. a3 Rfd8 16. Rac1 Rac8 17. Rfd1 Qf5 18. h3 Rc7 19. b4 Rdc8 20.
Qb5 Qxb5 { White resigns } 0-1

[Event "ICC tourney 2532 (25 5)"]
[Site "Internet Chess Club"]
[Date "2021.04.25"]
[Round "6"]
[White "WANG, JUSTIN:K12-14930904"]
[Black "NIRAG SHAH, ARYA:K12-17096474"]
[Result "1-0"]
[ICCResult "Black resigns"]
[WhiteElo "2540"]
[BlackElo "1975"]
[Opening "QGA: 3.e4"]
[ECO "D20"]
[NIC "QG.04"]
[Time "13:01:42"]
[PlyCount "57"]
[TimeControl "1500+5"]

1. d4 d5 2. c4 dxc4 3. e4 b5 4. a4 c6 5. axb5 cxb5 6. Nc3 a6 7. Nxb5 axb5
8. Rxa8 Bb7 9. Ra1 e6 10. Ne2 Bxe4 11. Nc3 Bc6 12. Be2 b4 13. Nb1 Bxg2 14.
Rg1 Bd5 15. Qa4+ Bc6 16. Qa7 Bd5 17. Be3 Nf6 18. Nd2 c3 19. bxc3 bxc3 20.
Nc4 g6 21. Ne5 Nfd7 22. Bb5 f6 23. Nxd7 Nxd7 24. Bf4 Be7 25. Bc7 Qc8 26.
Ba6 Qa8 27. Qxa8+ Bxa8 28. Bb5 Bd5 29. Ra7 { Black resigns } 1-0

[Event "ICC tourney 2532 (25 5)"]
[Site "Internet Chess Club"]
[Date "2021.04.25"]
[Round "6"]
[White "S LALWANI, JAY:K12-14566972"]
[Black "MADDEN LANE, LUCA:K12-15596114"]
[Result "0-1"]
[ICCResult "White resigns"]
[WhiteElo "1903"]
[BlackElo "1339"]
[Opening "Scotch: Mieses variation"]
[ECO "C45"]
[NIC "SO.04"]
[Time "13:00:47"]
[PlyCount "98"]
[TimeControl "1500+5"]

1. e4 e5 2. Nf3 Nc6 3. d4 exd4 4. Nxd4 Nf6 5. Nxc6 bxc6 6. e5 Qe7 7. Qe2
Nd5 8. c4 Nb6 9. b3 g6 10. Bb2 Bg7 11. g3 O-O 12. Bg2 Re8 13. O-O Bxe5 14.
Re1 Bxb2 15. Qxe7 Rxe7 16. Rxe7 Bxa1 17. Nd2 Kf8 18. Re2 Bb7 19. f4 Re8 20.
Kf1 Rxe2 21. Kxe2 Ke7 22. Ke3 Kf6 23. Ne4+ Ke7 24. Nc5 Bc8 25. Nd3 d5 26.
Nb4 d4+ 27. Kf2 c5 28. Nc6+ Kd6 29. Nxa7 Bf5 30. Nb5+ Kd7 31. Bf3 h5 32.
Bd1 d3 33. Na3 Bd4+ 34. Ke1 Bc3+ 35. Kf2 d2 36. Nb5 Ba5 37. Ke3 Bg4 38.
Bxg4+ hxg4 39. Ke2 Nc8 40. Na3 Nd6 41. Nb1 Ne4 42. a3 Nc3+ 43. Nxc3 Bxc3
44. Kd1 Kc6 45. Kc2 Kb6 46. Kd1 f6 47. Kc2 g5 48. fxg5 fxg5 49. Kd1 Kc6 {
White resigns } 0-1

[Event "ICC tourney 2532 (25 5)"]
[Site "Internet Chess Club"]
[Date "2021.04.25"]
[Round "6"]
[White "GUPTA, ESHAN:K12-16099390"]
[Black "MCCANN, ANDREW:K12-15045914"]
[Result "1-0"]
[ICCResult "Black resigns"]
[WhiteElo "1659"]
[BlackElo "392"]
[Opening "Petrov's defense"]
[ECO "C42"]
[NIC "RG.03"]
[Time "13:02:02"]
[PlyCount "55"]
[TimeControl "1500+5"]

1. e4 e5 2. Nf3 Nf6 3. Nxe5 Nc6 4. Nxc6 dxc6 5. d3 Bc5 6. Be2 Qd4 7. O-O h5
8. c3 Qd8 9. d4 Bb6 10. Bg5 h4 11. e5 h3 12. Re1 Qd5 13. Bf3 Bg4 14. exf6+
Kf8 15. fxg7+ Kxg7 16. Bxd5 Bxd1 17. Rxd1 cxd5 18. Bf4 Rh4 19. Bg3 Rh5 20.
Nd2 c5 21. Nf3 Rc8 22. gxh3 Bc7 23. Kg2 Kf6 24. Re1 Rg8 25. Ne5 cxd4 26.
cxd4 Ke6 27. Ng4+ Kd7 28. Nf6+ { Black resigns } 1-0

[Event "ICC tourney 2532 (25 5)"]
[Site "Internet Chess Club"]
[Date "2021.04.25"]
[Round "6"]
[White "ANGELA ZHENG, CARISSA:K12-15612136"]
[Black "DESAI, RIYA:K12-16115845"]
[Result "1-0"]
[ICCResult "Black resigns"]
[WhiteElo "1974"]
[BlackElo "992"]
[Opening "Owen defense"]
[ECO "B00"]
[NIC "VO.02"]
[Time "13:01:03"]
[PlyCount "66"]
[TimeControl "1500+5"]

1. e4 b6 2. d4 Bb7 3. Bd3 Nf6 4. Qe2 e6 5. Nf3 d5 6. e5 Ne4 7. c4 Ba6 8.
Bxe4 dxe4 9. Qxe4 c6 10. Bg5 Be7 11. Bxe7 Qxe7 12. Nbd2 O-O 13. O-O Nd7 14.
Qxc6 Rac8 15. Qa4 Nb8 16. Rac1 b5 17. cxb5 Rxc1 18. Rxc1 Bc8 19. Ne4 f6 20.
Nd6 Qd7 21. Qc4 Bb7 22. Nxb7 Qxb7 23. Qxe6+ Kh8 24. exf6 gxf6 25. a4 Nd7
26. Qc6 Rb8 27. Kf1 Kg7 28. d5 Nb6 29. d6 Kg6 30. Qxb7 Rxb7 31. a5 Nd7 32.
Rc7 Rxc7 33. dxc7 Nc5 { Black resigns } 1-0

[Event "ICC tourney 2532 (25 5)"]
[Site "Internet Chess Club"]
[Date "2021.04.25"]
[Round "6"]
[White "JAIN, PRISHA:K12-15089392"]
[Black "LARA, SEBASTIAN:K12-17264378"]
[Result "1-0"]
[ICCResult "Black checkmated"]
[WhiteElo "1520"]
[BlackElo "585"]
[Opening "French defense"]
[ECO "C01"]
[NIC "FR.01"]
[Time "13:01:42"]
[PlyCount "101"]
[TimeControl "1500+5"]

1. e4 e6 2. d4 b6 3. Nc3 Bb7 4. Nf3 Bb4 5. Bd2 Bxc3 6. Bxc3 Bxe4 7. Bd3 Bb7
8. O-O Nf6 9. Bd2 h6 10. Re1 O-O 11. Bf4 c5 12. dxc5 bxc5 13. Bd6 Re8 14.
Bxc5 d6 15. Bxd6 Bxf3 16. Qxf3 Qd7 17. Be5 Nd5 18. Rad1 f5 19. Bxf5 exf5
20. Rxd5 Qb7 21. Rd8 Qxf3 22. Rxe8+ Kf7 23. gxf3 Kxe8 24. Bxb8+ Kd7 25. Be5
Re8 26. Bc3 Rxe1+ 27. Bxe1 g6 28. Bd2 h5 29. Kg2 Kc6 30. Kg3 Kd5 31. Kf4
Ke6 32. Kg5 Kf7 33. Be3 a6 34. c4 Kg7 35. c5 Kf7 36. c6 Ke7 37. Kxg6 Kd6
38. Kxh5 Kxc6 39. Kg5 Kb5 40. h4 Kc6 41. h5 Kd7 42. h6 Ke7 43. h7 Kf7 44.
h8=Q a5 45. Qf6+ Ke8 46. Bc5 Kd7 47. Qd6+ Kc8 48. Bb6 Kb7 49. Qc7+ Ka6 50.
a4 f4 51. Qa7# { Black checkmated } 1-0

[Event "ICC tourney 2532 (25 5)"]
[Site "Internet Chess Club"]
[Date "2021.04.25"]
[Round "6"]
[White "B LANCMAN, KYLE:K12-15146021"]
[Black "XAVIER MARTINEZ, HECTOR:K12-14499157"]
[Result "1-0"]
[ICCResult "Black resigns"]
[WhiteElo "2049"]
[BlackElo "1436"]
[Opening "Sicilian: Prins (Moscow) variation"]
[ECO "B55"]
[NIC "SI.01"]
[Time "13:01:04"]
[PlyCount "51"]
[TimeControl "1500+5"]

1. e4 c5 2. Nf3 d6 3. d4 cxd4 4. Nxd4 Nf6 5. f3 Nc6 6. c4 g6 7. Be3 Bg7 8.
Nc3 O-O 9. Be2 Bd7 10. O-O a6 11. Qd2 Re8 12. Rfd1 Rc8 13. Rac1 Ne5 14. b3
Qc7 15. Nd5 Nxd5 16. cxd5 Qb8 17. h3 Rxc1 18. Rxc1 Bc8 19. b4 b5 20. Nc6
Qa8 21. f4 Nd7 22. Bd4 Bh6 23. Bb2 Nb8 24. Nxe7+ Rxe7 25. Rxc8+ Bf8 26. Qd4
{ Black resigns } 1-0